[Event "Titled Tuesday Blitz June 14 Late 2022"]
[White "Zierk, Steven"]
[Black "Babazada, Khazar"]
[WhiteFideId "2034255"]
[BlackFideId "13413554"]
[WhiteElo "2494"]
[BlackElo "2406"]
[Result "0-1"]
[Round "06"]
[TimeControl "180+1"]
[Date "2022.06.14"]
[WhiteClock "0:00:04"]
[BlackClock "0:00:10"]

1. b3 d5 2. Bb2 Bg4 3. Nf3 Bxf3 4. exf3 e6 5. f4 Nf6 6. g3 Be7 7. Bg2 g6 8. h4 h5 9. d3 c6 10. Nd2 Nbd7 11. Nf3 O-O 12. Ng5 Ba3 13. Bc3 a5 14. O-O b5 15. Rb1 Qe7 16. Re1 Bb4 17. Qd2 Qc5 18. Bxb4 axb4 19. Ra1 Qc3 20. Qe2 Rfe8 21. Bh3 Nc5 22. Nf3 Ncd7 23. Kg2 Ra7 24. Qe3 Qc5 25. Nd4 Rea8 26. Re2 Rxa2 27. Rae1 Re8 28. Kh1 Qd6 29. Nf3 Ng4 30. Qd2 Rc8 31. Ng5 Re8 32. d4 Raa8 33. Nf3 Ngf6 34. Ne5 Ne4 35. Qe3 Nc3 36. Rd2 Nxe5 37. fxe5 Qe7 38. Qf4 c5 39. dxc5 Qxc5 40. g4 hxg4 41. Bxg4 Qe7 42. Bf3 Kg7 43. Rd4 Rh8 44. Rg1 Ne4 45. h5 Rag8 46. Kg2 Qg5+ 47. Qxg5 Nxg5 48. Rxb4 Nxf3 49. Kxf3 Rxh5 50. Rxb5 Rxe5 51. c4 Rf5+ 52. Ke3 Rd8 53. c5 d4+ 54. Kd3 Rxf2 55. Rc1 Rf3+ 56. Ke2 Rh3 57. c6 d3+ 58. Kf2 Rh2+ 59. Kf3 d2 60. Rd1 f5 61. Rc5 Kf6 62. Kg3 Re2 63. Kf3 Re1 64. c7 Rd3+ 65. Kf2 Rxd1 66. c8=Q Rf1+ 67. Kg2 Rg1+ 68. Kf2 Rf3+ 69. Kxg1 d1=Q+ 70. Kh2 Qe2+ 71. Kg1 Rf1# 0-1


[Site "https://www.chess.com"]

[Event "Titled Tuesday Blitz June 14 Late 2022"]
[White "Acosta, Pablo Ismael"]
[Black "Martinez Reyes, Pedro Ramon"]
[WhiteFideId "124311"]
[BlackFideId "3901807"]
[WhiteElo "2313"]
[BlackElo "2410"]
[Result "1-0"]
[Round "07"]
[TimeControl "180+1"]
[Date "2022.06.14"]
[WhiteClock "0:00:08"]
[BlackClock "0:00:01"]

1. d4 Nf6 2. c4 c5 3. d5 b5 4. f3 bxc4 5. e4 d6 6. Bxc4 g6 7. Ne2 Bg7 8. O-O O-O 9. Bd2 Qb6 10. Bc3 Ba6 11. Nd2 Nbd7 12. Qc2 Qb7 13. Rab1 Nb6 14. b3 Nxc4 15. bxc4 Qd7 16. Rb2 e6 17. dxe6 fxe6 18. Rd1 d5 19. e5 Nh5 20. Nb3 Qc6 21. cxd5 exd5 22. Rbb1 Rac8 23. Rbc1 Qe6 24. Ng3 Nf4 25. Ba1 Bc4 26. Rd2 h5 27. Re1 h4 28. Nf1 h3 29. g3 Ng2 30. Rxg2 hxg2 31. Qxg2 d4 32. f4 Bd5 33. Qf2 Ba8 34. Nfd2 g5 35. Ne4 gxf4 36. gxf4 Qg4+ 37. Qg3 Rxf4 38. Nexc5 Qf5 39. Nxd4 Rxd4 40. Bxd4 Rc6 41. e6 Qf8 42. e7 Qxe7 43. Rxe7 Rg6 44. Qxg6 1-0


[Site "https://www.chess.com"]

[Event "Titled Tuesday Blitz June 14 Late 2022"]
[White "Al-Tarboush, Ward"]
[Black "Deac, Bogdan-Daniel"]
[WhiteFideId "7601450"]
[BlackFideId "1226380"]
[WhiteElo "2249"]
[BlackElo "2648"]
[Result "1-0"]
[Round "07"]
[TimeControl "180+1"]
[Date "2022.06.14"]
[WhiteClock "0:00:03"]
[BlackClock "0:00:03"]

1. e4 c5 2. Nf3 d6 3. d4 cxd4 4. Nxd4 Nf6 5. Nc3 a6 6. h3 e5 7. Nde2 h5 8. Bg5 Be6 9. g3 Nbd7 10. a4 Be7 11. Bg2 Rc8 12. O-O O-O 13. Qd2 Qc7 14. b3 b5 15. axb5 axb5 16. Ra2 b4 17. Nd5 Bxd5 18. exd5 Qb7 19. Rfa1 Bd8 20. Ra7 Qb5 21. R1a4 Rb8 22. Bf1 Bb6 23. Nc1 Qc5 24. Be3 Bxa7 25. Bxc5 Bxc5 26. Bg2 e4 27. Qe2 Nb6 28. Ra6 Nbxd5 29. Kf1 h4 30. g4 Rfe8 31. g5 Nf4 32. Qc4 Nh7 33. g6 Nxg6 34. Bxe4 Ne5 35. Bxh7+ Kxh7 36. Qxh4+ Kg8 37. Nd3 Nxd3 38. cxd3 d5 39. Qg4 Rbc8 40. Rh6 Be7 41. Rh5 Bf6 42. Rxd5 Rc2 43. Qd7 Ree2 44. Rf5 Rb2 45. Qc8+ Kh7 46. Rh5+ 1-0


[Site "https://www.chess.com"]

[Event "Titled Tuesday Blitz June 14 Late 2022"]
[White "Andreikin, Dmitry"]
[Black "Sanal, Vahap"]
[WhiteFideId "4158814"]
[BlackFideId "6300545"]
[WhiteElo "2736"]
[BlackElo "2574"]
[Result "1-0"]
[Round "07"]
[TimeControl "180+1"]
[Date "2022.06.14"]
[WhiteClock "0:00:59"]
[BlackClock "0:00:01"]

1. d4 Nf6 2. c4 g6 3. Nc3 Bg7 4. e4 d6 5. h3 Nbd7 6. Be3 e5 7. d5 Nc5 8. Bd3 Nxd3+ 9. Qxd3 Nh5 10. Nge2 f5 11. O-O-O f4 12. Bd2 b6 13. f3 a5 14. Be1 g5 15. Bf2 O-O 16. b3 Bd7 17. Kd2 Qe7 18. Ra1 Nf6 19. a3 h5 20. b4 axb4 21. axb4 Bh6 22. Nb5 Rxa1 23. Rxa1 g4 24. hxg4 hxg4 25. Kc2 g3 26. Be1 Rc8 27. Ra7 Be8 28. Qa3 Bg5 29. Qa6 Rd8 30. Nxc7 Rd7 31. Qxb6 Bg6 32. Ra8+ Kh7 33. Ne6 Bh6 34. Qb8 Bf7 35. Nf8+ Bxf8 36. Qxf8 Qxf8 37. Rxf8 Ra7 38. Nc3 Kg7 39. Rd8 Ra1 40. Kd2 Bh5 41. Rxd6 Ra3 42. Re6 Rb3 43. Kc2 Rxb4 44. Rxe5 Rxc4 45. Kd3 Rc8 46. Bd2 Bxf3 47. gxf3 1-0


[Site "https://www.chess.com"]

[Event "Titled Tuesday Blitz June 14 Late 2022"]
[White "Artemenko, Oleg"]
[Black "Zierk, Steven"]
[WhiteFideId "14201798"]
[BlackFideId "2034255"]
[WhiteElo "2287"]
[BlackElo "2494"]
[Result "0-1"]
[Round "07"]
[TimeControl "180+1"]
[Date "2022.06.14"]
[WhiteClock "0:00:34"]
[BlackClock "0:00:08"]

1. d4 Nf6 2. Nc3 d5 3. Bf4 c5 4. e4 Nxe4 5. Nxe4 dxe4 6. dxc5 Qa5+ 7. c3 Qxc5 8. Qa4+ Nc6 9. Qxe4 g6 10. Be3 Qa5 11. Bc4 Bg7 12. Nf3 Bf5 13. Qh4 Bf6 14. Bg5 Bxg5 15. Qxg5 Ne5 16. Nxe5 Qxe5+ 17. Qe3 Qxe3+ 18. fxe3 e5 19. Rd1 Ke7 20. Kf2 Rhd8 21. Bd5 Bc2 22. Rd2 Be4 23. Rhd1 Rxd5 24. Rxd5 Bxd5 25. Rxd5 Ke6 26. e4 f5 27. Ke3 Rc8 28. Ra5 a6 29. Ra3 Rc4 30. exf5+ gxf5 31. Rb3 b5 32. Ra3 Rc6 33. Ra5 Kd5 34. a4 Rb6 35. axb5 Rxb5 36. Rxa6 Rxb2 37. Ra5+ Ke6 38. Ra6+ Kf7 39. Ra5 Kf6 40. Ra6+ Kg5 41. Ra7 h5 42. h3 h4 43. Kf3 Rc2 44. Rc7 Kf6 45. Rc6+ Ke7 46. Rc8 Kd7 47. Rc4 e4+ 48. Kf4 Rf2+ 49. Ke5 e3 50. Rd4+ Kc6 51. Rd1 f4 52. Ke4 Kc5 53. Kd3 Rxg2 54. Rf1 Rd2+ 55. Ke4 Rf2 56. Re1 Kc4 57. Rg1 Kxc3 58. Rc1+ Kd2 59. Ra1 e2 60. Ra2+ Kc3 61. Ra1 Rf1 62. Ra3+ Kb4 63. Rd3 e1=Q+ 64. Re3 Qxe3+ 65. Kf5 f3 66. Kg6 Rg1+ 67. Kh5 Qg5# 0-1


[Site "https://www.chess.com"]

[Event "Titled Tuesday Blitz June 14 Late 2022"]
[White "Baches Garcia, Guillermo"]
[Black "Oro, Luis"]
[WhiteFideId "2209764"]
[BlackFideId "104094"]
[WhiteElo "2491"]
[BlackElo "2362"]
[Result "0-1"]
[Round "07"]
[TimeControl "180+1"]
[Date "2022.06.15"]
[WhiteClock "0:00:05"]
[BlackClock "0:00:04"]

1. e4 c5 2. Nf3 d6 3. d4 cxd4 4. Nxd4 Nf6 5. Nc3 a6 6. Be3 e5 7. Nb3 Be6 8. f3 Be7 9. Qd2 O-O 10. O-O-O b5 11. g4 Nbd7 12. g5 b4 13. Ne2 Ne8 14. f4 a5 15. f5 a4 16. Nbd4 b3 17. cxb3 axb3 18. a3 exd4 19. Nxd4 Rc8+ 20. Kb1 Bc4 21. Rc1 Ne5 22. h4 Bxf1 23. Rhxf1 Rxc1+ 24. Rxc1 Qd7 25. Nxb3 Nc7 26. Nd4 Rb8 27. f6 Bf8 28. fxg7 Bxg7 29. Nf5 Nf3 30. Qc2 Rxb2+ 31. Qxb2 Bxb2 32. Kxb2 Qb5+ 33. Ka1 Qa5 34. Ka2 Kf8 35. Rc6 Ne5 36. Rxd6 Nc4 37. Rd8+ Ne8 38. Rd3 Qe1 39. Bc5+ Kg8 40. Kb3 Na5+ 41. Ka4 Nc6 42. Bb4 Nxb4 43. axb4 Qxe4 44. Rd8 Qxf5 45. Rxe8+ Kg7 46. Re3 Qf4 47. Rb3 Qxh4 48. Ka5 Qxg5+ 49. b5 Qd2+ 50. Rb4 Qd8+ 51. b6 Qb8 52. Ka6 f5 53. b7 f4 54. Rc4 Qd6+ 55. Ka7 Qa3+ 56. Kb6 Qb3+ 57. Kc5 Qxb7 58. Rxf4 Qc7+ 0-1


[Site "https://www.chess.com"]

[Event "Titled Tuesday Blitz June 14 Late 2022"]
[White "Bayo Milagro, Alvaro"]
[Black "Kovanova, Baira"]
[WhiteFideId "22275240"]
[BlackFideId "4164083"]
[WhiteElo "2270"]
[BlackElo "2190"]
[Result "1/2-1/2"]
[Round "07"]
[TimeControl "180+1"]
[Date "2022.06.15"]
[WhiteClock "0:00:12"]
[BlackClock "0:00:11"]

1. d4 Nf6 2. c4 e6 3. Nf3 d5 4. g3 Bb4+ 5. Nbd2 O-O 6. Bg2 b6 7. O-O Bb7 8. cxd5 exd5 9. Ne5 Nbd7 10. Ndf3 Bd6 11. Nd3 Re8 12. Bg5 h6 13. Bxf6 Qxf6 14. Rc1 Qe7 15. e3 c5 16. dxc5 bxc5 17. Nh4 Qe6 18. Nf4 Bxf4 19. gxf4 Rab8 20. Nf3 Qf6 21. b3 d4 22. exd4 cxd4 23. Qxd4 Qg6 24. Nh4 Qg4 25. Rc7 Ne5 26. Rxb7 Rxb7 27. Qa4 Nd7 28. h3 Qxh4 29. Bxb7 Qxh3 30. Bg2 Qg4 31. Qxa7 Nf6 32. Qa4 Qh4 33. Qc6 Re2 34. Qf3 Rxa2 35. Qg3 Qxg3 36. fxg3 Rb2 37. Rf3 Ng4 38. Bh3 h5 39. Bxg4 hxg4 40. Rc3 f5 41. Kf1 Kf7 42. Kg1 g6 43. Kf1 Kf6 44. Rc6+ Kf7 45. Rb6 Kg7 46. Kg1 Kf7 47. Kf1 Kg7 48. Kg1 Kf7 49. Kf1 1/2-1/2


[Site "https://www.chess.com"]

[Event "Titled Tuesday Blitz June 14 Late 2022"]
[White "Bernadskiy, Vitaliy"]
[Black "Salem, A.R. Saleh"]
[WhiteFideId "14100371"]
[BlackFideId "9301348"]
[WhiteElo "2473"]
[BlackElo "2679"]
[Result "1-0"]
[Round "07"]
[TimeControl "180+1"]
[Date "2022.06.14"]
[WhiteClock "0:00:58"]
[BlackClock "0:01:01"]

1. b3 d5 2. Bb2 c5 3. e3 a6 4. Nf3 Nc6 5. Be2 d4 6. O-O Nf6 7. Na3 g6 8. Nc4 Bg7 9. exd4 cxd4 10. a4 O-O 11. Re1 Nd5 12. Bd3 Re8 13. Be4 Rb8 14. a5 h6 15. Ba3 Be6 16. Bxg6 Nf4 17. Be4 Bg4 18. h3 Bh5 19. d3 Qc7 20. Qd2 Rbd8 21. Kh1 e5 22. Nfxe5 Bxe5 23. Nxe5 Qxe5 24. Bh7+ 1-0


[Site "https://www.chess.com"]

[Event "Titled Tuesday Blitz June 14 Late 2022"]
[White "Bilych, Olexiy"]
[Black "Reprintsev, Alexander"]
[WhiteFideId "14156504"]
[BlackFideId "14100541"]
[WhiteElo "2189"]
[BlackElo "2108"]
[Result "1-0"]
[Round "07"]
[TimeControl "180+1"]
[Date "2022.06.14"]
[WhiteClock "0:00:53"]
[BlackClock "0:02:00"]

1. e4 d5 2. exd5 Qxd5 3. Nc3 Qa5 4. d4 Nf6 5. Nf3 Nc6 6. d5 Nb4 7. Bb5+ Bd7 8. Bxd7+ Nxd7 9. O-O Nf6 10. Bd2 Rd8 11. Ne2 Qb6 12. c4 e6 13. Qa4+ c6 14. dxe6 fxe6 15. Be3 Bc5 16. Bxc5 Qxc5 17. Ned4 Rd6 18. Rfe1 Kd7 19. Nb3 1-0


[Site "https://www.chess.com"]

[Event "Titled Tuesday Blitz June 14 Late 2022"]
[White "Bluebaum, Matthias"]
[Black "Djokic, Mihailo"]
[WhiteFideId "24651516"]
[BlackFideId "976440"]
[WhiteElo "2556"]
[BlackElo "2255"]
[Result "1-0"]
[Round "07"]
[TimeControl "180+1"]
[Date "2022.06.14"]
[WhiteClock "0:00:07"]
[BlackClock "0:00:02"]

1. d4 Nf6 2. c4 g6 3. Nc3 Bg7 4. e4 d6 5. Nf3 O-O 6. Be2 e5 7. Be3 Ng4 8. Bg5 f6 9. Bh4 g5 10. Bg3 Nc6 11. d5 Ne7 12. Nxg5 Nxf2 13. Bxf2 fxg5 14. Bg4 Ng6 15. g3 a6 16. O-O Bd7 17. a4 Qc8 18. h3 Bxg4 19. Qxg4 Qxg4 20. hxg4 Rf3 21. Kg2 Rf7 22. Be3 h6 23. Rxf7 Kxf7 24. a5 Nf8 25. b4 Nd7 26. c5 Nf6 27. Kf3 Rf8 28. c6 bxc6 29. dxc6 Ke6 30. Ke2 d5 31. Bc5 Ra8 32. b5 axb5 33. Nxb5 Ne8 34. Kd3 Bf6 35. a6 Bd8 36. Nc3 Nf6 37. a7 d4 38. Nb5 Nxg4 39. Rf1 Nf6 40. Na3 Be7 41. Bxe7 Kxe7 42. Nb5 Ne8 43. Rh1 Nd6 44. Nxd6 Kxd6 45. Rxh6+ Kc5 46. Re6 Rxa7 47. Rxe5+ Kxc6 48. Rxg5 Ra4 49. g4 Kd6 50. Rd5+ Ke6 51. g5 Ra3+ 52. Kxd4 Rg3 53. Rc5 Kd6 54. Rd5+ Ke6 55. Rf5 c6 56. Rf6+ Ke7 57. Rg6 Kf7 58. Rf6+ Ke7 59. Rf5 Ke6 60. Ra5 Kd6 61. Rc5 Rg4 62. Rf5 Rg3 63. Rf6+ Kd7 64. Rg6 Ke7 65. Ke5 c5 66. Kf4 Rg1 67. Rc6 Rf1+ 68. Ke5 Rc1 69. Kf5 c4 70. e5 Kd7 71. Rd6+ Ke7 72. g6 c3 73. Re6+ Kd7 74. Rd6+ Kc7 75. Ke6 c2 76. Rd2 Kb6 77. g7 Rg1 78. Rxc2 Rxg7 79. Kf6 Rg3 80. e6 Rf3+ 81. Ke7 Kb5 82. Kd7 Rd3+ 83. Ke8 Rc3 84. Rxc3 1-0


[Site "https://www.chess.com"]

[Event "Titled Tuesday Blitz June 14 Late 2022"]
[White "Boder, Jan"]
[Black "Isajevsky, Anton"]
[WhiteFideId "16243226"]
[BlackFideId "4142500"]
[WhiteElo "2064"]
[BlackElo "2510"]
[Result "0-1"]
[Round "07"]
[TimeControl "180+1"]
[Date "2022.06.15"]
[WhiteClock "0:00:12"]
[BlackClock "0:00:06"]

1. e4 c5 2. Nf3 d6 3. Bb5+ Nd7 4. c4 Nf6 5. Nc3 e6 6. O-O Be7 7. d4 cxd4 8. Nxd4 O-O 9. Be3 Nc5 10. f3 a6 11. Ba4 Qc7 12. Bc2 b6 13. b4 Ncd7 14. Bb3 Bb7 15. a4 Ne5 16. Qe2 d5 17. exd5 Bxb4 18. Ne4 Nxe4 19. fxe4 Rac8 20. Rac1 Bc5 21. Nf3 Nxf3+ 22. Rxf3 Qe5 23. Bxc5 Rxc5 24. Re1 f6 25. Qd3 Rd8 26. Rfe3 a5 27. Qe2 Ba6 28. Rc1 Rdc8 29. g3 Qd4 30. Kg2 Qe5 31. Qf1 exd5 32. Qd3 dxc4 33. Qb1 cxb3 34. Qxb3+ Kh8 35. Rxc5 Qxc5 36. Re1 Bb7 37. Kh3 Re8 38. e5 fxe5 39. Qe3 Qxe3 40. Rxe3 g6 41. g4 Re7 42. Kg3 Kg7 43. Re1 Bc6 44. h4 Bxa4 45. Rb1 b5 46. Rb2 e4 47. Kf2 e3+ 48. Ke1 b4 49. g5 Bb5 50. Ra2 a4 51. Rb2 b3 52. h5 gxh5 53. Rh2 e2 54. Rxh5 Rd7 55. g6 Rd1+ 56. Kf2 e1=Q+ 57. Kf3 Rd3+ 58. Kg4 Qg3+ 59. Kf5 hxg6+ 60. Ke6 Bd7+ 61. Ke7 Qd6+ 62. Kd8 Be6+ 63. Ke8 Qd7# 0-1


[Site "https://www.chess.com"]

[Event "Titled Tuesday Blitz June 14 Late 2022"]
[White "Bringas Gomez, Artai"]
[Black "Hambleton, Aman"]
[WhiteFideId "24534064"]
[BlackFideId "2606577"]
[WhiteElo "1988"]
[BlackElo "2552"]
[Result "1-0"]
[Round "07"]
[TimeControl "180+1"]
[Date "2022.06.14"]
[WhiteClock "0:00:22"]
[BlackClock "0:00:03"]

1. d4 Nf6 2. c4 e6 3. Nf3 b6 4. g3 Ba6 5. Nbd2 Bb4 6. Qc2 Bb7 7. Bg2 Be4 8. Qb3 Bxd2+ 9. Bxd2 O-O 10. O-O d6 11. Bh3 c5 12. Bc3 Nc6 13. dxc5 Bxf3 14. exf3 dxc5 15. Rad1 Qc7 16. f4 Rad8 17. Bg2 Rxd1 18. Rxd1 Rd8 19. Rxd8+ Nxd8 20. Qa4 Qd7 21. Qxd7 Nxd7 22. Kf1 Kf8 23. Ke2 g6 24. h4 h5 25. a3 Ke7 26. b4 Kd6 27. Kd3 Nc6 28. Bf3 Ne7 29. b5 Nf5 30. a4 e5 31. Bd5 exf4 32. gxf4 Ke7 33. a5 Nxh4 34. a6 Nf5 35. Bg2 Ke6 36. Bh3 Ke7 37. Ke4 Ke6 38. Bb2 f6 39. Bc3 Nf8 40. Ba5 Nd7 41. Bc3 Ke7 42. Bxf5 gxf5+ 43. Kxf5 Kf7 44. f3 h4 45. Be1 h3 46. Bg3 Nf8 47. Kg4 Ne6 48. Kxh3 f5 49. Kh4 Kg6 50. Bh2 Nd4 51. Bg1 Nb3 52. Be3 Kh6 53. Kg3 Na5 54. Bxc5 Nxc4 55. Bd4 Na3 56. Bxb6 Nxb5 57. Bc5 Nc7 58. Bxa7 Nxa6 59. Bd4 Nb4 60. Be5 Nd3 61. Kg2 Kh5 62. Bd6 Nb2 63. Bb8 Nc4 64. Kf2 Nb6 65. Ke2 Nd5 66. Be5 Kh4 67. Kd3 Ne7 68. Bf6+ Kg3 69. Bxe7 Kxf4 70. Ke2 Ke5 71. Ba3 Kf4 72. Bc1+ Kg3 73. f4 Kg4 74. Kd3 Kh5 75. Kd4 Kg6 76. Ke5 Kf7 77. Kxf5 Kg7 78. Ke6 Kf8 79. f5 Kg7 80. f6+ Kf8 81. Bh6+ Kg8 82. f7+ Kh7 83. f8=Q Kg6 84. Qg7+ Kh5 85. Qg5# 1-0


[Site "https://www.chess.com"]

[Event "Titled Tuesday Blitz June 14 Late 2022"]
[White "Curtis, John"]
[Black "Yurasova, Daria"]
[WhiteFideId "3200256"]
[BlackFideId "34146919"]
[WhiteElo "2203"]
[BlackElo "2021"]
[Result "0-1"]
[Round "07"]
[TimeControl "180+1"]
[Date "2022.06.15"]
[WhiteClock "0:00:35"]
[BlackClock "0:00:22"]

1. e4 e5 2. Nf3 Nc6 3. Bb5 a6 4. Bxc6 dxc6 5. O-O Bg4 6. d3 Qe7 7. h3 Bh5 8. Nbd2 O-O-O 9. Re1 g5 10. g4 Bg6 11. Nf1 f6 12. Ng3 h5 13. Nf5 Qd7 14. Be3 Nh6 15. Nd2 hxg4 16. hxg4 Nxf5 17. exf5 Qh7 18. Kf1 Qh3+ 19. Ke2 Qxg4+ 20. f3 Rh2+ 21. Bf2 Qg2 22. Ne4 Bxf5 23. Rg1 Qh3 24. Rg3 Qh4 25. Qg1 Bxe4 26. fxe4 Bc5 27. Rf3 Bxf2 28. Rxf2 Rxf2+ 29. Qxf2 Qg4+ 30. Kd2 Rh8 31. Rf1 Qf4+ 32. Kc3 Qxf2 33. Rxf2 Rh6 34. a4 Kd7 35. a5 Ke6 36. b4 Rh1 37. Kc4 g4 38. Rg2 f5 39. exf5+ Kxf5 40. Rf2+ Kg5 41. Rf7 g3 42. Rg7+ Kf4 43. Rf7+ Ke3 44. Rxc7 g2 45. Rg7 g1=Q 46. Rxg1 Rxg1 47. Kc5 Rc1 48. Kb6 Rxc2 49. Kxb7 Rb2 50. Kxc6 Rxb4 51. Kd5 Kxd3 52. Kxe5 Rb5+ 53. Kd6 Rxa5 54. Kc6 Rb5 55. Kd6 Rb1 56. Kc5 a5 57. Kd5 a4 58. Kd6 a3 59. Ke6 a2 60. Kf7 a1=Q 61. Kg6 Qa5 62. Kf6 Rb6+ 63. Ke7 Qa7+ 64. Kd8 Rb8# 0-1


[Site "https://www.chess.com"]

[Event "Titled Tuesday Blitz June 14 Late 2022"]
[White "D`Arruda, Ricardo D."]
[Black "Lewtak, Damian"]
[WhiteFideId "100692"]
[BlackFideId "1141724"]
[WhiteElo "2493"]
[BlackElo "2379"]
[Result "1-0"]
[Round "07"]
[TimeControl "180+1"]
[Date "2022.06.15"]
[WhiteClock "0:00:06"]
[BlackClock "0:00:01"]

1. d4 b6 2. e4 Bb7 3. Nc3 g6 4. Nf3 Bg7 5. Bg5 h6 6. Bh4 g5 7. Bg3 e6 8. Qd2 Ne7 9. O-O-O Ng6 10. h4 g4 11. h5 gxf3 12. hxg6 fxg6 13. gxf3 Nc6 14. d5 Ne5 15. dxe6 dxe6 16. Qe2 Qf6 17. f4 Nf7 18. Bg2 Qe7 19. Qb5+ c6 20. Qc4 O-O 21. Bh3 Rae8 22. e5 c5 23. Rhg1 Kh7 24. Ne4 b5 25. Qe2 Rd8 26. f3 Rd4 27. Bf2 Rxd1+ 28. Rxd1 Bxe4 29. Qxe4 Rd8 30. Rg1 Nh8 31. Qc6 c4 32. Qxb5 Rc8 33. c3 Qf7 34. Be3 g5 35. Rd1 Rc7 36. Rd4 Ng6 37. Rxc4 gxf4 38. Rxc7 Qxc7 39. Bd4 Bxe5 40. Bxe5 Nxe5 41. Bxe6 Qd6 42. Qb7+ Kg6 43. Qe4+ Kf6 44. Bd5 Ng6 45. c4 h5 46. Qd4+ Kg5 47. c5 Qd8 48. c6 h4 49. Qc5 Ne5 50. Be6 1-0


[Site "https://www.chess.com"]

[Event "Titled Tuesday Blitz June 14 Late 2022"]
[White "Daggupati, Balaji"]
[Black "Pesotskiy, Mikhail"]
[WhiteFideId "2090759"]
[BlackFideId "34164453"]
[WhiteElo "2693"]
[BlackElo "2010"]
[Result "1-0"]
[Round "07"]
[TimeControl "180+1"]
[Date "2022.06.15"]
[WhiteClock "0:00:23"]
[BlackClock "0:00:11"]

1. e4 e6 2. d4 d5 3. Nc3 Bb4 4. e5 c5 5. a3 Bxc3+ 6. bxc3 Qa5 7. Bd2 Qa4 8. Qg4 Kf8 9. Qd1 Ne7 10. Nf3 b6 11. h4 Ba6 12. Bxa6 Qxa6 13. h5 h6 14. a4 Nd7 15. Ng1 Rc8 16. Ne2 Kg8 17. O-O Qc4 18. Be3 Kh7 19. a5 cxd4 20. Bxd4 Nc6 21. axb6 axb6 22. f4 Nxd4 23. Nxd4 Qxc3 24. Kh2 Ra8 25. Rb1 Ra4 26. Nb5 Qe3 27. Rb3 Qc5 28. Nd6 Rf8 29. Qd3+ Kh8 30. Rc3 Qd4 31. Rc7 Nxe5 32. Qxd4 Ng4+ 33. Kg3 Rxd4 34. Kxg4 Kg8 35. Kf3 Ra8 36. Nxf7 Ra3+ 37. Kg4 Rd2 38. g3 Rg2 39. Rf3 Ra2 40. Ne5 Raxc2 41. Rb7 Rc8 42. Ra3 Re8 43. Raa7 1-0


[Site "https://www.chess.com"]

[Event "Titled Tuesday Blitz June 14 Late 2022"]
[White "Dardha, Daniel"]
[Black "Bortnyk, Olexandr"]
[WhiteFideId "240990"]
[BlackFideId "14120828"]
[WhiteElo "2482"]
[BlackElo "2723"]
[Result "0-1"]
[Round "07"]
[TimeControl "180+1"]
[Date "2022.06.14"]
[WhiteClock "0:00:01"]
[BlackClock "0:01:37"]

1. d4 d6 2. e4 Nf6 3. Nc3 Nbd7 4. Nf3 e5 5. Bc4 Be7 6. O-O c6 7. a4 h6 8. Re1 Qc7 9. h3 g5 10. a5 Nf8 11. b4 Ng6 12. d5 g4 13. hxg4 Bxg4 14. Be2 Rg8 15. dxc6 bxc6 16. b5 Bxf3 17. Bxf3 Nh4 18. g3 cxb5 19. Nxb5 Qc5 20. Be3 Qxb5 21. Bh5 Qd7 22. Kh2 Ng6 23. c4 Rc8 24. c5 dxc5 25. Qe2 Nxh5 26. Qxh5 Nf8 27. Rad1 Qg4 28. Qxe5 Ne6 29. Qd5 Nd4 0-1


[Site "https://www.chess.com"]

[Event "Titled Tuesday Blitz June 14 Late 2022"]
[White "Donskov, Anatoly"]
[Black "Sargsyan, Anna M."]
[WhiteFideId "24143413"]
[BlackFideId "13308130"]
[WhiteElo "2219"]
[BlackElo "2271"]
[Result "1-0"]
[Round "07"]
[TimeControl "180+1"]
[Date "2022.06.15"]
[WhiteClock "0:00:07"]
[BlackClock "0:00:01"]

1. e4 c6 2. d4 d5 3. exd5 cxd5 4. Bd3 Nc6 5. c3 Nf6 6. h3 e5 7. dxe5 Nxe5 8. Be2 Bd6 9. Nf3 Nc6 10. Bg5 Be6 11. Nbd2 h6 12. Be3 O-O 13. O-O Re8 14. Nd4 Rc8 15. N2f3 Bb8 16. Nxe6 fxe6 17. Nd4 e5 18. Nxc6 bxc6 19. Bg4 Nxg4 20. Qxg4 Qf6 21. Rad1 Rcd8 22. b3 Rf8 23. g3 Rf7 24. Kg2 Bd6 25. h4 Rdf8 26. h5 e4 27. c4 Qf5 28. Qxf5 Rxf5 29. g4 Re5 30. f4 exf3+ 31. Rxf3 Re4 32. Rxf8+ Kxf8 33. Kf3 Ke7 34. cxd5 cxd5 35. Rxd5 Re6 36. Bxa7 Re1 37. Bf2 Ra1 38. Rd2 Bb4 39. Re2+ Kf7 40. Kg2 Bc3 41. Rc2 Be5 42. Be3 Ke6 43. Kf3 Rf1+ 44. Rf2 Ra1 45. Re2 Kd5 46. Rd2+ Ke6 47. Ke4 Re1 48. Rc2 Bf6 49. Kf3 Rf1+ 50. Kg2 Ra1 51. Kf3 Rf1+ 52. Rf2 Ra1 53. Ke4 Re1 54. Kd3 Rd1+ 55. Rd2 Ra1 56. a4 Kd5 57. Bb6 Ra3 58. Kc2+ Ke4 59. Re2+ Kf3 60. Re3+ Kxg4 61. a5 Kxh5 62. b4 Ra2+ 63. Kb3 Ra1 64. b5 g5 65. a6 g4 66. Re6 Bg5 67. Re2 g3 68. Ra2 Rb1+ 69. Kc2 Rc1+ 70. Kb2 Rc8 71. a7 Ra8 72. Bc5 Kg4 73. b6 Bf4 74. b7 Rb8 75. a8=Q g2 76. Kb3 1-0


[Site "https://www.chess.com"]

[Event "Titled Tuesday Blitz June 14 Late 2022"]
[White "Dubov, Daniil"]
[Black "Holt, Conrad"]
[WhiteFideId "24126055"]
[BlackFideId "2034387"]
[WhiteElo "2791"]
[BlackElo "2586"]
[Result "1/2-1/2"]
[Round "07"]
[TimeControl "180+1"]
[Date "2022.06.14"]
[WhiteClock "0:00:06"]
[BlackClock "0:00:07"]

1. d4 d5 2. Nf3 Nf6 3. c4 c6 4. cxd5 cxd5 5. Nc3 Nc6 6. Bf4 Nh5 7. Bd2 e6 8. Rc1 Bd6 9. e4 dxe4 10. Nxe4 Nf6 11. Nxf6+ Qxf6 12. Bd3 h6 13. O-O O-O 14. Qe2 Bd7 15. Qe4 Qf5 16. Qxf5 exf5 17. Rfe1 Rac8 18. a3 Ne7 19. Bc4 Bc6 20. Ne5 Bd5 21. Bd3 Rfe8 22. Nc4 Bb8 23. Ne3 Be4 24. Bxe4 fxe4 25. d5 Bf4 26. Rxc8 Nxc8 27. Rc1 Nb6 28. g3 Be5 29. Nc4 Nxd5 30. Nxe5 Rxe5 31. Rc8+ Kh7 32. Rc5 b6 33. Rc6 Re7 34. Rd6 Nf6 35. Be3 Rd7 36. Rc6 Nd5 37. Bd2 Ne7 38. Rc2 Kg6 39. Kg2 Kf5 40. Be3 Ke6 41. h3 f5 42. Bd2 Rd6 43. h4 Rc6 44. Rxc6+ Nxc6 45. h5 Kf7 46. Bc3 g6 47. hxg6+ Kxg6 48. f3 Ne7 49. Kf2 Nd5 50. Bd2 exf3 51. Kxf3 h5 52. a4 Kf6 53. b4 a6 54. b5 axb5 55. axb5 Ke5 56. Be1 Kd4 57. Bf2+ Ke5 58. Bg1 Ke6 59. Bd4 Kf7 60. Bf2 Kg6 61. Bg1 Nc3 62. Bxb6 Nxb5 63. Bc5 Nc7 64. Bb6 Ne6 65. Ba7 Kf6 66. Bb8 Ke7 67. Kg2 Kd7 68. Kh3 Nd8 69. Kh4 Nc6 70. Kxh5 Nxb8 71. Kg5 Ke6 72. g4 fxg4 73. Kxg4 1/2-1/2


[Site "https://www.chess.com"]

[Event "Titled Tuesday Blitz June 14 Late 2022"]
[White "Fedoseev, Vladimir"]
[Black "Ibarra Jerez, Jose Carlos"]
[WhiteFideId "24130737"]
[BlackFideId "2226332"]
[WhiteElo "2726"]
[BlackElo "2628"]
[Result "1-0"]
[Round "07"]
[TimeControl "180+1"]
[Date "2022.06.14"]
[WhiteClock "0:00:06"]
[BlackClock "0:00:03"]

1. d4 Nf6 2. c4 d6 3. Nc3 e5 4. Nf3 e4 5. Ng5 Qe7 6. Qc2 Bf5 7. f3 Nc6 8. d5 Nb8 9. fxe4 Bg6 10. Qb3 b6 11. c5 Nbd7 12. cxd6 cxd6 13. Qa4 h6 14. Qc6 Qd8 15. Ne6 fxe6 16. dxe6 Rc8 17. exd7+ Nxd7 18. Qd5 Nf6 19. Qb5+ Qd7 20. Qxd7+ Kxd7 21. g3 Rxc3 22. Bh3+ Kc7 23. bxc3 Nxe4 24. Be3 Be7 25. Bd4 Bg5 26. O-O Re8 27. Bf5 Bxf5 28. Rxf5 Kc6 29. Bxg7 Be3+ 30. Kg2 a5 31. Bd4 Nd2 32. Rc1 Nc4 33. Rc2 b5 34. Kh3 a4 35. Rh5 Bg5 36. Kg4 Re4+ 37. Kf3 Re7 38. h4 Be3 39. Rf5 Bxd4 40. cxd4 Re3+ 41. Kf4 Ra3 42. e4 Kb6 43. Rf6 Rd3 44. Rxh6 Rxd4 45. g4 Kc5 46. g5 d5 47. g6 Rxe4+ 48. Kg3 Re3+ 49. Kh2 Re4 50. Rg2 Ne3 51. g7 Ng4+ 52. Rxg4 Rxg4 53. Rh7 d4 54. Kh3 Rg1 55. Rh5+ Kc4 56. Rg5 Rh1+ 57. Kg2 d3 58. g8=Q+ Kc3 59. Kxh1 Kd2 60. Rg1 1-0


[Site "https://www.chess.com"]

[Event "Titled Tuesday Blitz June 14 Late 2022"]
[White "Gaisinsky, Adam"]
[Black "Zakhartsov, Vladimir"]
[WhiteFideId "2620561"]
[BlackFideId "4145097"]
[WhiteElo "1965"]
[BlackElo "2490"]
[Result "0-1"]
[Round "07"]
[TimeControl "180+1"]
[Date "2022.06.14"]
[WhiteClock "0:00:04"]
[BlackClock "0:00:29"]

1. d4 Nf6 2. Nf3 c5 3. d5 e6 4. c4 b5 5. e4 bxc4 6. Nc3 d6 7. Bxc4 Be7 8. O-O e5 9. h3 O-O 10. Ne1 Nfd7 11. a4 Na6 12. Qe2 Nb4 13. Nd3 Nxd3 14. Bxd3 Bg5 15. Nb5 Bxc1 16. Raxc1 Qe7 17. Qd2 a6 18. Na3 Rb8 19. Nc4 Rb4 20. a5 Bb7 21. Rc3 Rb8 22. Rfc1 Bc8 23. Bf1 h6 24. Rg3 Kh7 25. Rc2 Nf6 26. Re3 Bd7 27. f3 Bb5 28. Nb6 Nh5 29. Bxb5 Rxb5 30. Qf2 Rxa5 31. Nc4 Ra1+ 32. Kh2 Qg5 33. Nxd6 Qf4+ 34. g3 Nxg3 35. Qxg3 Rh1+ 36. Kxh1 Qxg3 37. Rg2 Qxh3+ 38. Kg1 Rb4 39. Nf5 Rc4 40. Rh2 Rc1+ 0-1


[Site "https://www.chess.com"]